 Dungeon Crawl Stone Soup version 0.32-a0-931-g5a2cda0630 (webtiles) character file.

Game seed: 2851504874009150892

2748 Zigma the Martial Artist (level 9, 0/72 HPs)
             Began as a Yellow Draconian Monk on Apr 12, 2024.
             Was a Believer of Yredelemnul.
             Slain by a white ugly thing (4 damage)
             ... on level 8 of the Dungeon.
             The game lasted 00:09:13 (6892 turns).

Zigma the Martial Artist (Yellow Draconian Monk)    Turns: 6892, Time: 00:09:13

Health: 0/72       AC:  8    Str: 15    XL:     9   Next: 41%
Magic:  9/9        EV: 19    Int: 10    God:    Yredelemnul [**....]
Gold:   464        SH:  0    Dex: 17    Spells: 8/8 levels left

rFire   . .          .
                       - Unarmed
rCold   . . .        (no shield)
rNeg    . . .        (body armour unavailable)
rPois   .            (helmet restricted)
rElec   .            (no cloak)
rCorr   +            (no gloves)
SInv    .            l - +0 pair of boots
Will    .....        (no amulet)
Stlth   +++          A - +5 ring of evasion
HPRegen 0.32/turn    (no ring)
MPRegen 0.11/turn

%: no passive effects
@: attractive, wreathed by umbra
A: caustic breath, AC +7, unfitting armour, cold-blooded, acid resistance
a: Caustic Breath, Renounce Religion, Light the Black Torch, Recall Undead
Harvest, Hurl Torchlight


You were on level 8 of the Dungeon.
You worshipped Yredelemnul.
Yredelemnul was noncommittal.
You visited 2 branches of the dungeon, and saw 9 of its levels.

You collected 464 gold pieces.

Inventory:

Missiles
 m - 2 throwing nets (quivered)
Armour
 l - a +0 pair of boots (worn)
Jewellery
 A - a +5 ring of evasion (left hand)
Wands
 b - a wand of flame (24)
 r - a wand of paralysis (13)
 t - a wand of polymorph (4)
 y - a wand of roots (5)
Scrolls
 a - a scroll of brand weapon {unknown}
 c - a scroll of summoning {unknown}
 f - a scroll of blinking {unknown}
 g - a scroll of vulnerability {unknown}
 i - a scroll of fog {unknown}
 k - 2 scrolls of enchant weapon
 n - a scroll of teleportation {unknown}
 o - a scroll of identify
 p - 2 scrolls of immolation
 q - a scroll of torment
 s - a scroll of poison {unknown}
 w - a scroll of revelation {unknown}
 B - a scroll of amnesia {unknown}
Potions
 d - 3 potions of curing
 e - a potion of degeneration {unknown}
 h - a potion of attraction
 j - 3 potions of heal wounds
 u - 2 potions of ambrosia
 v - a potion of cancellation {unknown}
 x - a potion of haste {unknown}
 z - 2 potions of enlightenment {unknown}


   Skills:
 + Level 4.3 Fighting
 + Level 5.9 Dodging
 + Level 3.0 Stealth
 + Level 9.5 Unarmed Combat
 * Level 5.2 Shapeshifting


You had 8 spell levels left.
You didn't know any spells.
Your spell library contained the following spells:

 Spells                   Type           Power      Damage    Failure   Level
 Necrotise                Necr           0%         1d4       36%         1
 Sandblast                Erth           0%         2d4       36%         1
 Sting                    Conj/Alch      0%         1d3       36%         1
 Mercury Vapours          Alch/Air       0%         N/A       50%         2
 Stone Arrow              Conj/Erth      0%         3d7       75%         3
 Vampiric Draining        Necr           0%         2d6       75%         3
 Brom's Barrelling Bould  Conj/Erth      0%         2d3       98%         4
 Martyr's Knell           Necr/Summ      0%         N/A       98%         4
 Olgreb's Toxic Radiance  Alch           0%         N/A       98%         4
 Curse of Agony           Necr           0%         N/A       100%        5


Dungeon Overview and Level Annotations

Branches:
Dungeon (8/15)             Temple (1/1) D:7
   Lair: D:8-11

Altars:
Ashenzari
Cheibriados
Dithmenos
Elyvilon
Fedhas
Gozag
Hepliaklqana
Kikubaaqudgha
Makhleb
Nemelex Xobeh
Okawaru
Qazlal
Ru
Sif Muna
Trog
Uskayaw
Vehumet
Wu Jian
Xom
Yredelemnul
Zin
The Shining One

Shops:
D:1 (


Innate Abilities, Weirdness & Mutations

You can breathe corrosive fumes.
Your golden yellow scales are hard. (AC +7)
You cannot fit into any form of body armour.
You are cold-blooded and may be slowed by cold attacks.
You are resistant to acid. (rCorr)


Message History

The boulder beetle barely misses you.
Your orc wizard zombie is engulfed in blazing flames.
Your orc wizard zombie explodes!
The fiery explosion engulfs the boulder beetle!
Flame seeps out of the boulder beetle.
The boulder beetle is lightly wounded.
The fiery explosion engulfs the orc!!!
With your torch unlit, their soul goes wasted...
The fiery explosion engulfs the two-headed ogre!!!
The two-headed ogre is severely wounded.
The orc explodes!
The fiery explosion engulfs the vampire mosquito!!
The fiery explosion engulfs the two-headed ogre!!!
You kill the two-headed ogre!
With your torch unlit, their soul goes wasted...
The vampire mosquito explodes!
The fiery explosion engulfs the boulder beetle!!
Flame seeps out of the boulder beetle.
The boulder beetle is heavily wounded.
The white ugly thing kicks you. The white ugly thing freezes you!!
* * * LOW HITPOINT WARNING * * *
The centaur warrior unwields a +0 shortbow.
The centaur warrior hits you!
* * * LOW HITPOINT WARNING * * *
The centaur warrior closely misses you.
You hear a shout!
You feel power welling in your lungs.
Your Stealth skill increases to level 3!
Your Unarmed Combat skill increases to level 9!
Your Shapeshifting skill increases to level 5!
As you read the scroll labelled GEIPHALEBU, it crumbles to dust.
It is a scroll of identify.
j - 3 potions of heal wounds The boulder beetle bites you!!
* * * LOW HITPOINT WARNING * * *
The centaur warrior hits you!
* * * LOW HITPOINT WARNING * * *
The centaur warrior closely misses you. The white ugly thing kicks you.
You die...
Your body rises from the dead as a mindless zombie.

..= ## #c# #. #u# #.
... #. #§# #. ##§##
##### #( #.uc#
#...########.
#@#####.##Z##....#
#?##B##.##)##.#####.#
#..§§°Z.ZZ....###....
#O##§##Z##Z##.##.Z#Z#
# #§#####.########Z#
!.. #...# #####.#
#### ##.## #.Z.Z.#
#'####.##### #...Z..#


You could see a boulder beetle (inner flame), a white ugly thing (inner flame)
and a centaur warrior (inner flame).

Vanquished Creatures
  A two-headed ogre (D:8)
  A vampire mosquito (D:8)
  Menkaure (D:6)
  A black bear (D:6)
  A sky beast (D:7)
  An ice beast (D:6)
  A phantom (D:5)
  A kobold brigand (D:6)
  A gnoll sergeant (D:8)
  3 scorpions (D:5)
  3 howler monkeys
  A lava snake (D:7)
  2 bombardier beetles
  An orc priest (D:8)
  3 hounds
  4 jellies
  2 sleepcaps
  3 iguanas
  3 orc wizards
  6 gnolls
  8 adders
  8 river rats (D:6)
  A shadow imp (D:8)
  3 white imps
  2 orc zombies (D:8)
  4 dart slugs
  2 ribbon worms
  21 orcs
  7 ball pythons
  2 endoplasms
  4 giant cockroaches
  6 goblins
  2 hobgoblins
  9 jackals
  6 quokkas
  5 bats
  A frilled lizard (D:1)
  5 kobolds
  19 rats
155 creatures vanquished.

Vanquished Creatures (collateral kills)
  A sky beast (D:7)
  A bullfrog (D:7)
  2 iguanas (D:7)
  An orc wizard (D:7)
  A shadow imp (D:7)
6 creatures vanquished.

Vanquished Creatures (others)
  An angel (D:6)
1 creature vanquished.

Grand Total: 162 creatures vanquished

Notes
Turn   | Place    | Note
-------+----------+-------------------------------------------
     0 | D:1      | Zigma the Draconian Monk began the quest for the Orb.
     0 | D:1      | Reached XP level 1. HP: 19/19 MP: 1/1
    93 | D:1      | Found a faded altar of an unknown god.
   216 | D:1      | Found Leacet's Weapon Boutique.
   373 | D:1      | Reached XP level 2. HP: 25/26 MP: 2/2
   837 | D:2      | Reached XP level 3. HP: 27/31 MP: 3/3
   950 | D:2      | Reached skill level 1 in Shapeshifting
  1584 | D:3      | Reached XP level 4. HP: 25/40 MP: 4/4
  1745 | D:3      | Reached skill level 4 in Unarmed Combat
  2793 | D:4      | Reached XP level 5. HP: 41/46 MP: 5/5
  3458 | D:4      | Reached skill level 5 in Unarmed Combat
  3629 | D:5      | Entered Level 5 of the Dungeon
  3655 | D:5      | Reached XP level 6. HP: 36/52 MP: 6/6
  3962 | D:5      | Your scales start taking on a golden yellow colour.
  3962 | D:5      | Reached XP level 7. HP: 38/58 MP: 7/7
  3962 | D:5      | Gained mutation: You are resistant to acid. (rCorr) [Yellow
                  | Draconian growth]
  4010 | D:5      | Reached skill level 6 in Unarmed Combat
  4920 | D:6      | Reached skill level 5 in Dodging
  5001 | D:6      | Killed an angel
  5239 | D:6      | Reached skill level 1 in Stealth
  5283 | D:6      | Found a shimmering altar of Xom.
  5289 | D:6      | Noticed Menkaure
  5294 | D:6      | Killed Menkaure
  5295 | D:6      | Reached XP level 8. HP: 35/66 MP: 8/8
  5316 | D:6      | Reached skill level 7 in Unarmed Combat
  5687 | D:6      | Found a glowing silver altar of Zin.
  5950 | D:7      | Found a staircase to the Ecumenical Temple.
  5958 | Temple   | Entered the Ecumenical Temple
  5967 | Temple   | Became a worshipper of Yredelemnul the Fallen
  5967 | Temple   | Reached * piety under Yredelemnul
  5967 | Temple   | Reached ** piety under Yredelemnul
  6036 | D:7      | Reached skill level 8 in Unarmed Combat
  6718 | D:8      | Reached XP level 9. HP: 37/71 MP: 9/9
  6880 | D:8      | Noticed a boulder beetle
  6885 | D:8      | Noticed a two-headed ogre
  6886 | D:8      | Noticed a centaur warrior
  6887 | D:8      | Noticed a white ugly thing
  6891 | D:8      | Killed a two-headed ogre
  6892 | D:8      | Reached skill level 9 in Unarmed Combat
  6892 | D:8      | Reached skill level 5 in Shapeshifting
  6892 | D:8      | Slain by a white ugly thing

Illustrated notes

Levels and vault maps discovered:
D:1:      minmay_arrival_widening_spiral_wide, layout_basic,
          ebering_ecumenical_altar_petrified, serial_shops, shop
D:2:      layout_loops_ring, minmay_misc_feat_more_columns
D:3:      layout_basic
D:4:      layout_basic
D:5:      layout_rooms
D:6:      lemuel_ratsnest, layout_layer_cave,
          grunt_temple_overflow_order_and_chaos_1, uniq_menkaure
D:7:      layout_basic, minmay_temple_entry_stoned_glass,
          kennysheep_big_empty_room
D:8:      hangedman_cross_veins, layout_loops_cross, lair_entry_dummy,
          uniq_erica
Temple:   nicolae_temple_bog_church

Skill      XL: |  1  2  3  4  5  6  7  8  9 |
---------------+----------------------------+-----
Dodging        | 3 4 5 |  5.9
Shapeshifting  | 1 2 3 4 5 |  5.2
Unarmed Combat | 4 5 6 8 9 |  9.5
Fighting       | 4 |  4.3
Stealth        | 1 2 3 |  3.0

Action                     |  1- 3 |  4- 6 |  7- 9 || total
---------------------------+-------+-------+-------++-------
  Melee: Unarmed           |    95 |   190 |   273 ||   558
         Tailslap          |    17 |    36 |    55 ||   108
         Punch             |       |       |     4 ||     4
 Invoke: Recall Undead Har |       |       |     1 ||     1
         Light the Black T |       |       |     1 ||     1
Ability: Caustic Breath    |       |       |     4 ||     4
  Evoke: Wand              |       |       |     2 ||     2
    Use: Scroll            |       |     1 |     5 ||     6
         Potion            |       |     2 |     3 ||     5
   Stab: Paralysed         |       |       |     3 ||     3
         Sleeping          |       |       |     2 ||     2
         Distracted        |       |       |     1 ||     1
 Armour: Skin              |    61 |   120 |   154 ||   335
  Dodge: Dodged            |    52 |   102 |   210 ||   364

Table legend: (Time is in decaauts)
 A = Elapsed time spent in this place.
 B = Non-inter-level travel time spent in this place.
 C = Inter-level travel time spent in this place.
 D = Time resting spent in this place.
 E = Time spent auto-exploring this place.
 F = Levels seen in this place.
 G = Mean time per level.
                   A        B        C        D        E       F      G
               +--------+--------+--------+--------+--------+-----+--------+
         Total |   6832 |   6549 |    283 |      0 |   5537 |   9 |  759.1 |
       Dungeon |   6808 |   6535 |    273 |      0 |   5537 |   8 |  851.0 |
        Temple |     24 |     15 |      9 |      0 |      0 |   1 |   24.0 |
               +--------+--------+--------+--------+--------+-----+--------+

Top non-repeatable levels by time:
     D:6: 1164 daAuts
     D:3: 1100 daAuts
     D:5: 1005 daAuts
     D:4: 987 daAuts
     D:2: 779 daAuts
     D:7: 753 daAuts
     D:1: 747 daAuts
     D:8: 269 daAuts
  Temple: 24 daAuts
